 Dungeon Crawl Stone Soup version 0.32-a0-909-gc671339a80 (webtiles) character file.

Game seed: 6657871138497283411

42 gohu the Covered (level 3, -1/31 HPs)
             Began as a Mountain Dwarf Fighter on Apr 6, 2024.
             Slain by an orc wizard
             ... wielding a +0 dagger
              (3 damage)
             ... on level 1 of the Dungeon.
             The game lasted 00:01:53 (1272 turns).

gohu the Covered (Mountain Dwarf Fighter)           Turns: 1272, Time: 00:01:53

Health: -1/31      AC:  7    Str: 20    XL:     3   Next: 33%
Magic:  3/3        EV:  8    Int:  8    God:
Gold:   71         SH:  4    Dex:  9    Spells: 2/2 levels left

rFire   . . .        a - +0 war axe
rCold   . . .        c - +0 buckler
rNeg    . . .        b - +0 scale mail
rPois   .            (no helmet)
rElec   .            (no cloak)
rCorr   .            (no gloves)
SInv    .            (no boots)
Will    .....        (no amulet) Stlth
                     (no ring)
HPRegen 0.25/turn    (no ring)
MPRegen 0.08/turn

%: no passive effects
@: no status effects
A: runic magic, artefact enchanting
a: no special abilities


You were on level 1 of the Dungeon.
You visited 1 branch of the dungeon, and saw 2 of its levels.

You collected 71 gold pieces.

Inventory:

Hand Weapons
 a - a +0 war axe (weapon)
Armour
 b - a +0 scale mail (worn)
 c - a +0 buckler (worn)
Jewellery
 m - an amulet of faith
Scrolls
 f - 2 scrolls of teleportation {unknown}
 g - 3 scrolls of enchant armour {unknown}
 h - a scroll of identify {unknown}
 j - a scroll of summoning {unknown}
 k - a scroll of acquirement {unknown}
Potions
 d - a potion of might
 e - a potion of enlightenment {unknown}
 i - a potion of heal wounds {unknown}
 l - 2 potions of degeneration {unknown}


   Skills:
 + Level 3.6 Fighting
 * Level 3.5 Axes
 + Level 3.7 Armour
 + Level 3.5 Shields


You had 2 spell levels left.
You didn't know any spells.
Your spell library contained the following spells:

 Spells                   Type           Power      Damage    Failure   Level
 Slow                     Hex            0%         N/A       56%         1
 Confusing Touch          Hex            0%         N/A       91%         3
 Vampiric Draining        Necr           0%         2d6       91%         3


Dungeon Overview and Level Annotations

Branches:
Dungeon (2/15)

Altars:


Innate Abilities, Weirdness & Mutations

Your spellcasting is much less encumbered by armour.
You can use scrolls of enchantment on lesser artefacts.


Message History

The orc wizard points at you and mumbles some strange words.
The magic dart hits you! The orc wizard casts a spell at you.
The magic dart hits you.
An orc priest comes into view. It is wielding a +0 short sword.
An orc comes into view. It is wielding a +0 club.
The orc shouts!
The orc wizard casts a spell.
The orc wizard flickers and vanishes!
Deactivating autopickup; reactivate with Ctrl-A.
You see here a ball python corpse.
You closely miss the orc. You barely miss something. Something hits you.
Something completely misses you. The orc hits you but does no damage.
You closely miss something. You hit the orc. You slash the orc!
You kill the orc!
The orc barely misses you. Something hits you. Something hits you.
The orc hits you with a +0 flail!
Things that are here:
a +0 club; an orc corpse You hear some strange, mumbled words.
Something tries to affect you, but you resist.
There is a stone staircase leading up here.
Something hits you but does no damage. The orc hits you with a +0 flail!
* * * LOW HITPOINT WARNING * * *
You climb upwards.
Reactivating autopickup.
There is a stone staircase leading down here.
Deactivating autopickup; reactivate with Ctrl-A.
You hit something. You hit the orc. Something hits you but does no damage.
The orc hits you with a +0 flail.
* * * LOW HITPOINT WARNING * * *
You hit something. You barely miss the orc.
Something hits you but does no damage. The orc closely misses you.
Something hits you.
* * * LOW HITPOINT WARNING * * *
The orc barely misses you.
You miss something. You hit the orc.
You kill the orc!
Something hits you.
You die...

...................#..# ####
.......##..#######.#..#
.......##.......##.#..#
♣♣...........##.##.#..#######
..♣.............##.#........#####
...♣.............#.#........'....
...♣)......#.#..##.#.#......#####
...♣...........)##.#.........####
..♣~♣♣♣..#.#...#@{(#....####.....
.♣~♣...♣.#.#######.#..##....##.)#
♣~♣.....♣#...........#........#..
~♣......♣#####......#.#))....#.#.
♣P......♣ #.>....#..#....#..#.
PPP.....♣# #.....#....#..#....#
PPPP...♣.#####.....#.....##.....#
PPPP..♣..#...).....#.....##.....#
PPP....♣...###.....#....#.(#..).#


There were no monsters in sight!

Vanquished Creatures
  An adder (D:2)
  A ribbon worm (D:2)
  A dart slug (D:1)
  2 orcs
  2 hobgoblins
  2 quokkas (D:1)
  3 ball pythons
  2 bats (D:1)
  6 goblins
  6 kobolds
  2 rats (D:1)
28 creatures vanquished.

Notes
Turn   | Place    | Note
-------+----------+-------------------------------------------
     0 | D:1      | gohu the Mountain Dwarf Fighter began the quest for the
                  | Orb.
     0 | D:1      | Reached XP level 1. HP: 19/19 MP: 1/1
   192 | D:1      | Reached XP level 2. HP: 26/26 MP: 2/2
  1171 | D:2      | Reached XP level 3. HP: 27/31 MP: 3/3
  1272 | D:1      | Slain by an orc wizard

Illustrated notes

Levels and vault maps discovered:
D:1:      orjb1_clovarrival, layout_basic, minmay_circled_x
D:2:      layout_loops_ring

Skill      XL: |  1  2 |
---------------+-------+-----
Axes           | 3 |  3.5
Fighting       | |  3.6
Armour         | |  3.7
Shields        | |  3.5

Action                     || total
---------------------------++-------
  Melee: War axe           ||    79
 Armour: Scale mail        ||    87
  Dodge: Dodged            ||    37
  Block: Buckler           ||     9

Table legend: (Time is in decaauts)
 A = Elapsed time spent in this place.
 B = Non-inter-level travel time spent in this place.
 C = Inter-level travel time spent in this place.
 D = Time resting spent in this place.
 E = Time spent auto-exploring this place.
 F = Levels seen in this place.
 G = Mean time per level.
                   A        B        C        D        E       F      G
               +--------+--------+--------+--------+--------+-----+--------+
         Total |   1316 |   1280 |     36 |      0 |   1041 |   2 |  658.0 |
       Dungeon |   1316 |   1280 |     36 |      0 |   1041 |   2 |  658.0 |
               +--------+--------+--------+--------+--------+-----+--------+

Top non-repeatable levels by time:
     D:1: 1139 daAuts
     D:2: 177 daAuts
